 Dungeon Crawl Stone Soup version 0.29-a0-506-ga2e7fffb44 (webtiles) character file.

Game seed: 3868371844348399368

1027 croobank the Covert (level 8, -8/67 HPs)
             Began as a Gnoll Delver on May 28, 2022.
             Was an Initiate of Gozag.
             Mangled by a hornet (13 damage)
             ... on level 5 of the Dungeon.
             The game lasted 00:32:06 (6855 turns).

croobank the Covert (Gnoll Delver)                  Turns: 6855, Time: 00:32:09

Health: -8/67      AC: 11    Str: 17    XL:     8   Next: 23%
Magic:  12/12      EV:  4    Int: 13    God:    Gozag
Gold:   373        SH: 12    Dex: 13    Spells: 13/13 levels left

rFire   . . .      SeeInvis .   q - +0 rapier
rCold   . . .      Faith    .   v - +0 tower shield
rNeg    . . .      Spirit   .   k - +0 chain mail
rPois   .          Reflect  .   w - +1 helmet
rElec   .          Harm     .   (no cloak)
rCorr   .          Rampage  .   (no gloves)
Will    .....                   (no boots)
Stlth   +.........              (no amulet)
HPRegen 0.21/turn               o - +6 ring of strength
MPRegen 0.13/turn               (no ring)

@: on berserk cooldown, slowed, very slow
A: fangs 1, strong nose, distributed training
a: Renounce Religion, Potion Petition, Call Merchant, Bribe Branch


You were on level 5 of the Dungeon.
You worshipped Gozag.
Gozag was aware of your devotion.
You visited 1 branch of the dungeon, and saw 6 of its levels.
You also visited: Sewer.

You collected 771 gold pieces.
You spent 81 gold pieces at shops.
You paid 317 gold pieces to Gozag.

Inventory:

Hand Weapons
 a - a +0 hand axe
 b - a +0 hunting sling
 j - a +0 trident
 l - a +0 quarterstaff
 q - a +0 rapier (weapon)
 r - a +0 dagger
 t - a +0 falchion
 y - a +0 dagger of freezing
 z - a +0 great mace
 E - a +3 dagger
Missiles
 s - a javelin (quivered)
 A - 33 stones
 D - 3 boomerangs
Armour
 e - a +0 ring mail
 k - a +0 chain mail (worn)
 m - a +1 hat
 p - a +0 leather armour
 v - a +0 tower shield (worn)
 w - a +1 helmet (worn)
 F - a +0 kite shield
Jewellery
 o - a +6 ring of strength (left hand)
 H - a ring of fire
Wands
 g - a wand of digging (3)
Scrolls
 c - 3 scrolls of fog
 d - 2 scrolls of magic mapping
 f - 2 scrolls of enchant weapon
Potions
 h - 2 potions of cancellation
 i - a potion of flight
 u - 2 potions of brilliance
 C - a potion of mutation {unknown}


   Skills:
 + Level 7.3 Fighting
 + Level 3.1 Short Blades
 + Level 3.1 Long Blades
 + Level 5.5 Axes
 + Level 3.1 Maces & Flails
 + Level 3.1 Polearms
 + Level 3.1 Staves
 + Level 3.1 Slings
 + Level 3.1 Bows
 + Level 3.1 Crossbows
 + Level 3.1 Throwing
 + Level 3.1 Armour
 + Level 5.5 Dodging
 + Level 10.1 Stealth
 + Level 3.1 Shields
 + Level 3.1 Unarmed Combat
 + Level 3.1 Spellcasting
 + Level 2.5 Conjurations
 + Level 2.5 Hexes
 + Level 2.5 Summonings
 + Level 2.5 Necromancy
 + Level 2.5 Translocations
 + Level 2.5 Transmutations
 + Level 2.5 Fire Magic
 + Level 2.5 Ice Magic
 + Level 2.5 Air Magic
 + Level 2.5 Earth Magic
 + Level 2.5 Poison Magic
 + Level 3.4 Invocations
 + Level 3.1 Evocations


You had 13 spell levels left.
You didn't know any spells.
Your spell library contained the following spells:

 Spells                   Type           Power      Damage    Failure   Level
 Call Canine Familiar     Summ           8%         N/A       100%        3
 Portal Projectile        Hex/Tloc       16%        N/A       100%        3
 Leda's Liquefaction      Hex/Erth       4%         N/A       100%        4


Dungeon Overview and Level Annotations

Branches:
Dungeon (6/15)             Temple (0/1) D:4           Sewer (visited)

Altars:
Fedhas
Gozag
Qazlal

Shops:
D:1 *

Annotations:
D:4 Blork the orc


Innate Abilities, Weirdness & Mutations

You have very sharp teeth.
Your uncanny sense of smell can sniff out nearby items.
Your experience applies equally to all skills.


Message History

The hornet stings you but does no damage.
You block the hornet's attack.
Okay, then.
You hit the hornet.
The hornet is moderately wounded.
You feel sick. You block the hornet's attack.
You closely miss the hornet.
The hornet is moderately wounded.
You feel sick.
The hornet stings you but does no damage.
You block the hornet's attack.
You barely miss the hornet. Your bite misses the hornet.
The hornet is moderately wounded.
You feel sick.
The hornet stings you but does no damage.
You hit the hornet.
The hornet is heavily wounded.
You feel sick. You block the hornet's attack.
The hornet stings you but does no damage.
You closely miss the hornet.
The hornet is heavily wounded.
You are no longer berserk.
You are exhausted.
You feel yourself slow down.
You feel sick. You block the hornet's attack.
Okay, then.
Unknown command.
Okay, then.
You hit the hornet but do no damage. Your bite misses the hornet.
The hornet is heavily wounded.
You feel sick.
You are no longer poisoned.
The hornet stings you but does no damage. x2
The hornet barely misses you.
You hit the hornet but do no damage.
The hornet is heavily wounded.
You block the hornet's attack.
The hornet stings you but does no damage.
The hornet stings you!
You die...
Your body crumbles into a pile of gold.

# #......# #......## #### #
#......######.###### #... ####
#..............#########.## ...##
#......###................. ##..#
######.##..#############.## ##.##
###.#..## ###...#. #..#
###.....### ##...###.
##.###...#.....########........
####.......#....@y....#...#######
.........................########
##...........................<...
#..#####...............>)........
#.## #.........#...###########.
..# #...##......### #. .##
#...###..################. .#
#...###............#...##. .#
#####...#######.........#.


You could see a hornet.

Vanquished Creatures
  A black bear (D:5)
  An ice beast (D:6)
  Pargi (Sewer)
  An ogre (D:5)
  2 phantoms (D:5)
  A bullfrog (D:5)
  5 hounds
  A jelly (D:5)
  An iguana (D:5)
  2 orc wizards
  Robin (D:2)
  9 adders
  2 worms (D:5)
  2 dart slugs
  11 orcs
  8 endoplasms
  6 giant cockroaches
  21 goblins
  4 hobgoblins
  2 jackals
  8 quokkas
  4 ball pythons
  6 bats
  6 frilled lizards
  4 kobolds
  6 rats
116 creatures vanquished.

Notes
Turn   | Place    | Note
-------+----------+-------------------------------------------
     0 | D:5      | Reached skill level 9 in Stealth
     0 | D:5      | croobank the Gnoll Delver began the quest for the Orb.
     0 | D:5      | Reached XP level 1. HP: 23/23 MP: 1/1
   265 | D:5      | Reached XP level 2. HP: 25/29 MP: 2/2
   283 | D:5      | Found a glowing drain.
   289 | Sewer    | Entered a sewer
   348 | Sewer    | Noticed Pargi
   366 | Sewer    | Killed Pargi
   367 | Sewer    | Reached skill level 1 in Short Blades
   367 | Sewer    | Reached skill level 1 in Long Blades
   367 | Sewer    | Reached skill level 1 in Maces & Flails
   367 | Sewer    | Reached skill level 1 in Polearms
   367 | Sewer    | Reached skill level 1 in Staves
   367 | Sewer    | Reached skill level 1 in Slings
   367 | Sewer    | Reached skill level 1 in Bows
   367 | Sewer    | Reached skill level 1 in Crossbows
   367 | Sewer    | Reached skill level 1 in Throwing
   367 | Sewer    | Reached skill level 1 in Armour
   367 | Sewer    | Reached skill level 1 in Shields
   367 | Sewer    | Reached skill level 1 in Unarmed Combat
   367 | Sewer    | Reached skill level 1 in Spellcasting
   367 | Sewer    | Reached skill level 1 in Conjurations
   367 | Sewer    | Reached skill level 1 in Hexes
   367 | Sewer    | Reached skill level 1 in Summonings
   367 | Sewer    | Reached skill level 1 in Necromancy
   367 | Sewer    | Reached skill level 1 in Translocations
   367 | Sewer    | Reached skill level 1 in Transmutations
   367 | Sewer    | Reached skill level 1 in Fire Magic
   367 | Sewer    | Reached skill level 1 in Ice Magic
   367 | Sewer    | Reached skill level 1 in Air Magic
   367 | Sewer    | Reached skill level 1 in Earth Magic
   367 | Sewer    | Reached skill level 1 in Poison Magic
   367 | Sewer    | Reached skill level 1 in Invocations
   367 | Sewer    | Reached skill level 1 in Evocations
   367 | Sewer    | Reached XP level 3. HP: 3/35 MP: 2/4
   367 | Sewer    | Reached XP level 4. HP: 4/41 MP: 2/5
   806 | D:5      | Reached XP level 5. HP: 47/47 MP: 6/6
   835 | D:5      | Noticed an ogre
  1320 | D:3      | Found a stormy altar of Qazlal.
  1322 | D:3      | Found an opulent altar of Gozag.
  1554 | D:3      | Became a worshipper of Gozag Ym Sagoz the Greedy
  1781 | D:2      | Noticed Robin
  1800 | D:2      | Killed Robin
  1988 | D:2      | Noticed an ogre
  2261 | D:1      | Found Riohearui's Assorted Antiques.
  2268 | D:1      | Bought a scroll labelled FIBLUSCH NOYT for 27 gold pieces
  2268 | D:1      | Bought a scroll labelled QANOAMN BUAVVUA for 27 gold pieces
  2268 | D:1      | Bought a scroll labelled FASHRAWKEISE for 27 gold pieces
  2518 | D:1      | You fall into a shaft and drop 1 floor!
  2975 | D:1      | Found a faded altar of an unknown god.
  3629 | D:2      | Reached XP level 6. HP: 49/53 MP: 8/8
  4588 | D:4      | Found a staircase to the Ecumenical Temple.
  4611 | D:4      | Reached skill level 5 in Axes
  4611 | D:4      | Reached skill level 5 in Dodging
  4854 | D:4      | Noticed Blork the orc
  5036 | D:5      | Reached XP level 7. HP: 20/59 MP: 10/10
  5917 | D:5      | Found a blossoming altar of Fedhas.
  5962 | D:5      | Reached skill level 10 in Stealth
  6203 | D:5      | Reached XP level 8. HP: 41/67 MP: 12/12
  6804 | D:6      | Noticed a hornet
  6838 | D:5      | Paralysed by a hornet for 2 turns
  6838 | D:5      | HP: 3/67 [hornet (6)]
  6839 | D:5      | HP: 1/67 [hornet (2)]
  6845 | D:5      | Paralysed by a hornet for 3 turns
  6855 | D:5      | Mangled by a hornet

Illustrated notes

Levels and vault maps discovered:
D:1:      elethiomel_arrival_maze, layout_basic,
          shapermc_ecumenical_altar_mp_highgroup, serial_shops, shop
D:2:      layout_basic, uniq_robin
D:3:      layout_basic, jmf_multi_god_temple
D:4:      minmay_inner_zag, layout_gridville,
          minmay_temple_entry_statues_fountains, uniq_blork_the_orc
D:5:      layout_rooms, mainiacjoe_overflow_24_doors, gup_sewer_entry_bubbles
D:6:      layout_rooms, nicolae_sextant

Skill      XL: |  1  2  3  4  5  6  7  8 |
---------------+-------------------------+-----
Stealth        | 10 | 10.1
Short Blades   | 1 2 3 |  3.1
Long Blades    | 1 2 3 |  3.1
Maces & Flails | 1 2 3 |  3.1
Polearms       | 1 2 3 |  3.1
Staves         | 1 2 3 |  3.1
Slings         | 1 2 3 |  3.1
Bows           | 1 2 3 |  3.1
Crossbows      | 1 2 3 |  3.1
Throwing       | 1 2 3 |  3.1
Armour         | 1 2 3 |  3.1
Shields        | 1 2 3 |  3.1
Unarmed Combat | 1 2 3 |  3.1
Spellcasting   | 1 2 3 |  3.1
Conjurations   | 1 2 |  2.5
Hexes          | 1 2 |  2.5
Summonings     | 1 2 |  2.5
Necromancy     | 1 2 |  2.5
Translocations | 1 2 |  2.5
Transmutations | 1 2 |  2.5
Fire Magic     | 1 2 |  2.5
Ice Magic      | 1 2 |  2.5
Air Magic      | 1 2 |  2.5
Earth Magic    | 1 2 |  2.5
Poison Magic   | 1 2 |  2.5
Invocations    | 1 2 3 |  3.4
Evocations     | 1 2 3 |  3.1
Axes           | 5 |  5.5
Dodging        | 5 |  5.5
Fighting       | 7 |  7.3

Action                   |  1- 3 |  4- 6 |  7- 9 || total
-------------------------+-------+-------+-------++-------
Melee: Hand axe          |    50 |   319 |   181 ||   550
       Bite              |     3 |    26 |    15 ||    44
       Punch             |       |     1 |       ||     1
       Rapier            |       |       |    12 ||    12
Throw: Javelin           |       |     3 |     9 ||    12
Invok: Potion Petition   |       |       |     1 ||     1
Evoke: Wand              |     5 |       |       ||     5
  Use: Potion            |     2 |     2 |     6 ||    10
       Scroll            |     1 |    11 |     2 ||    14
 Stab: Sleeping          |     2 |    12 |     1 ||    15
       Distracted        |       |       |     1 ||     1
Armor: Leather armour    |    15 |       |       ||    15
       Chain mail        |       |   166 |   126 ||   292
       Ring mail         |       |    43 |       ||    43
Dodge: Dodged            |    34 |    90 |    21 ||   145
Block: Tower shield      |       |   152 |   162 ||   314

Table legend: (Time is in decaauts)
 A = Elapsed time spent in this place.
 B = Non-inter-level travel time spent in this place.
 C = Inter-level travel time spent in this place.
 D = Time resting spent in this place.
 E = Time spent auto-exploring this place.
 F = Levels seen in this place.
 G = Mean time per level.
                   A        B        C        D        E       F      G
               +--------+--------+--------+--------+--------+-----+--------+
         Total |   7108 |   6947 |    161 |   2000 |   2983 |   7 | 1015.4 |
       Dungeon |   6569 |   6408 |    161 |   1741 |   2832 |   6 | 1094.8 |
         Sewer |    539 |    539 |      0 |    259 |    151 |   1 |  539.0 |
               +--------+--------+--------+--------+--------+-----+--------+

Top non-repeatable levels by time:
     D:5: 2213 daAuts
     D:3: 1184 daAuts
     D:1: 1055 daAuts
     D:2: 1011 daAuts
     D:4: 862 daAuts
   Sewer: 539 daAuts
     D:6: 243 daAuts
